cohdb
Replays
Latest Replays
All Replays
Popular Replays
Top Player Replays
Match Explorer
How It Works
Community
CoH3 Stats
Reddit
Sign in to upload your games and track your stats! →
Sign in with Steam
Match 43050067
Unlisted
Match 43050067
Overview
Messages
Build Orders
End
Construct Infanterie Kompanie
Pioneer Squad
Grenadier Squad
Selects Breakthrough Battlegroup
Selects Assault Grenadiers
Grenadier Squad
Grenadier Squad
Infanterie Officer Quarters
Medical Station
Pioneer Squad
Construct Luftwaffe Kompanie
Jäger Squad
Jäger Squad
Flak 30 Anti-aircraft Gun Team
Construct Panzer Kompanie
Selects 2.5-tonne Cargo Truck
Selects Blitzkrieg
2.5-tonne Cargo Truck
Sturmpanzer IV Brummbär
LowArmour
matrix4x4
0
0
Comments
sign in to comment!
No comments posted yet!